AoeStats
← MattAtArms

Arabia

504746803Analyzed
1v1 RM · 27d ago on Sep 6, 2026· 29m 2s· 2 players
Game mode
Random Map
Map size
Tiny (2 player)
Population
200
Speed
Normal
Resources
Standard
Victory
Conquest
Starting age
Dark Age
Ending age
Imperial Age
RankedLock teamsTeams togetherTeam positionsShared explorationLock speedFull tech treeHidden civsTurbo modeCheats
Victory
Defeat
🇭🇰 Berbers · Hong Kong SAR China
1969
+13
🇬🇧 Sicilians · United Kingdom
1914
-13
MattAtArms
6:18 Loom
6:21 Loom
11:37 Feudal Age
11:44 Man-at-Arms
13:22 Double-Bit Axe
16:48 Fletching
20:54 Gold Mining
23:29 Castle Age
21:31 Padded Archer Armor
21:52 Horse Collar
24:04 Bodkin Arrow
23:30 Crossbowman
24:21 Bow Saw
27:04 Wheelbarrow
26:15 Town Watch
-GNG-OverHabit
4:40 Loom
13:04 Feudal Age
14:25 Double-Bit Axe
15:11 Bloodlines
17:33 Horse Collar
23:40 Castle Age
23:13 Scale Barding Armor
23:39 Forging
23:46 Light Cavalry
24:55 Bow Saw
29:00 Chain Barding Armor
Connection lost

Rejoining the realm…

Still unreachable

The connection could not be restored.

Session expired

The server has moved on; the page needs a fresh start.